 Dungeon Crawl Stone Soup version 0.30.1-4-g462c640d31 (webtiles) character file.

Game seed: 9927061728565743873

28 Logoto the Firebug (level 2, 0/20 HPs)
             Began as a Draconian Fire Elementalist on Aug 18, 2023.
             Succumbed to an adder's poison
             ... on level 2 of the Dungeon.
             The game lasted 00:04:17 (1779 turns).

Logoto the Firebug (Draconian Fire Elementalist)    Turns: 1779, Time: 00:04:18

Health: 0/20       AC:  4    Str: 10    XL:     2   Next: 96%
Magic:  0/5        EV: 12    Int: 15    God:
Gold:   25         SH:  0    Dex: 11    Spells: 3/6 levels left

rFire   . . .        l - +0 whip
rCold   . . .        (no shield)
rNeg    . . .        (body armour unavailable)
rPois   .            (helmet restricted)
rElec   .            (no cloak)
rCorr   .            (no gloves)
SInv    .            (no boots)
Will    .....        (no amulet)
Stlth   ++           (no ring)
HPRegen 0.23/turn    (no ring)
MPRegen 0.09/turn

%: no passive effects
@: lethally poisoned (0 -> -2)
A: AC +4, unfitting armour, cold-blooded
a: no special abilities


You were on level 2 of the Dungeon.
You visited 1 branch of the dungeon, and saw 2 of its levels.

You collected 25 gold pieces.

Inventory:

Hand Weapons
 i - a +0 short sword
 k - a +1 sling of flaming
 l - a +0 whip (weapon)
Missiles
 j - 32 stones
Jewellery
 e - an amulet of faith
Scrolls
 c - a scroll of amnesia {unknown}
 d - a scroll of blinking {unknown}
 m - a scroll of enchant weapon {unknown}
Potions
 a - a potion of magic
 b - a potion of berserk rage {unknown}
 f - a potion of might {unknown}
 g - a potion of curing {unknown}
 h - 3 potions of cancellation {unknown}


   Skills:
 + Level 1.9 Dodging
 + Level 1.8 Stealth
 + Level 0.8 Unarmed Combat
 + Level 2.7 Spellcasting
 + Level 1.0 Conjurations
 + Level 3.2 Fire Magic


You had 3 spell levels left.
You knew the following spells:

 Your Spells              Type           Power      Damage    Failure   Level
a - Foxfire               Conj/Fire      32%        2x1d5     9%          1
b - Scorch                Fire           22%        2d5       9%          2

Your spell library contained the following spells:

 Spells                   Type           Power      Damage    Failure   Level
 Apportation              Tloc           4%         N/A       21%         1
 Necrotise                Necr           8%         1d4       21%         1
 Summon Small Mammal      Summ           8%         N/A       21%         1
 Inner Flame              Hex/Fire       6%         N/A       32%         3
 Volatile Blastmotes      Fire/Tloc      12%        2d11      32%         3
 Vampiric Draining        Necr           2%         2d6       52%         3
 Flame Wave               Conj/Fire      8%         2d5       65%         4
 Agony                    Necr           2%         N/A       99%         5


Dungeon Overview and Level Annotations

Branches:
Dungeon (2/15)

Altars:


Innate Abilities, Weirdness & Mutations

Your plain brown scales are hard. (AC +4)
You cannot fit into any form of body armour.
You are cold-blooded and may be slowed by cold attacks.


Message History

Casting: Scorch (safe; 9% risk of failure)
Confirm with . or Enter, or press ? or * to list all spells.
You conjure some foxfire!
The adder bites you.
The foxfire hits the adder but does no damage.
The adder is moderately wounded.
The foxfire hits the adder.
The adder is moderately wounded.
The adder is no longer more vulnerable to fire.
The adder bites you but does no damage. The adder barely misses you.
The adder attacks as you move away! The adder closely misses you. x2
You enter the shallow water.
Moving in this stuff is going to be slow.
The adder misses you. The adder barely misses you.
The adder attacks as you move away! The adder bites you.
You enter the shallow water.
Moving in this stuff is going to be slow.
Casting: Foxfire (safe; 9% risk of failure)
Confirm with . or Enter, or press ? or * to list all spells.
You conjure some foxfire!
The adder bites you but does no damage.
The foxfire hits the adder.
The adder is moderately wounded.
The foxfire hits the adder.
The adder is severely wounded.
The adder bites you.
You are poisoned.
The adder poisons you! The adder bites you.
* * * LOW HITPOINT WARNING * * *
The adder attacks as you move away! The adder barely misses you.
* * * LOW HITPOINT WARNING * * *
You feel sick.
There is an open door here.
You hit the adder but do no damage.
The adder is severely wounded.
* * * LOW HITPOINT WARNING * * *
You feel sick. The adder bites you but does no damage. The adder bites you.
* * * LOW HITPOINT WARNING * * *
You hit the adder but do no damage.
The adder is severely wounded.
You die...

######### #.......#
####..####.############
#####.....)# #.##.........#
.......##..###.##....~....#####
###...........#.~.(~..~.#...
#...##..###.##S~..~..~.#.#
####''##### #..@####_####'.#
#........# #..#.~..~..~.###
#.##..##.#.....#.~..~..~.
#.##..##.##....#....~....#
#...[....####..#.........#
#...[....# #..###########
#.##..##.# #... #.##..##.# #...
#....รท...#


You could see an adder.

Vanquished Creatures
  A dart slug (D:1)
  4 endoplasms
  A goblin (D:1)
  2 hobgoblins (D:1)
  A jackal (D:1)
  2 kobolds (D:1)
  2 quokkas (D:1)
  4 ball pythons
  3 bats (D:1)
  3 rats (D:1)
23 creatures vanquished.

Vanquished Creatures (others)
  26 foxfires
26 creatures vanquished.

Grand Total: 49 creatures vanquished

Notes
Turn   | Place    | Note
-------+----------+-------------------------------------------
     0 | D:1      | Logoto the Draconian Fire Elementalist began the quest for
                  | the Orb.
     0 | D:1      | Reached XP level 1. HP: 14/14 MP: 3/3
   249 | D:1      | Reached XP level 2. HP: 13/20 MP: 0/5
  1474 | D:1      | Learned a level 2 spell: Scorch
  1743 | D:2      | Found a faded altar of an unknown god.
  1778 | D:2      | HP: 1/20 [adder (2)]
  1779 | D:2      | Succumbed to an adder's poison

Illustrated notes

Levels and vault maps discovered:
D:1:      dpeg_arrival_signposts, layout_basic, minmay_heptomino_l4
D:2:      layout_rooms, shapermc_ecumenical_altar_notcrosses,
          kennysheep_generic_room_5

Action                     || total
---------------------------++-------
  Melee: Unarmed           ||    26
         Tailslap          ||     4
         Whip              ||     7
         Short sword       ||     5
   Cast: Foxfire           ||    26
         Scorch            ||     5
   Stab: Sleeping          ||     1
 Armour: Skin              ||    35
  Dodge: Dodged            ||    68
